Construct Section Command Post
Construct Platoon Command Post
Selects Air and Sea Battlegroup
6-pounder Anti-tank Gun Team
Unlock Bishop Self-propelled Artillery
Construct Field Infirmary
Bishop Self-propelled Artillery
Selects Centaur Medium Tank
Selects Centaur Medium Tank
Construct Company Command Post
Unlock M3 Grant Medium Tanks
Construct Field Infirmary
Selects Commando Section Paradrop
Selects Commando Support Section Paradrop
Selects Anti-tank Rocket Loiter